 Dungeon Crawl Stone Soup version 0.31.0-11-ge490571c62 (webtiles) character file.

Game seed: 10024063867569475703

107 Gadfly the Insei (level 4, -1/35 HPs)
             Began as a Demonspawn Monk on Feb 5, 2024.
             Incinerated by a bombardier beetle (4 damage)
             ... with a burning spray
             ... on level 3 of the Dungeon.
             The game lasted 00:03:18 (2249 turns).

Gadfly the Insei (Demonspawn Monk)                  Turns: 2249, Time: 00:03:19

Health: -1/35      AC:  2    Str: 19    XL:     4   Next: 57%
Magic:  0/4        EV: 13    Int: 10    God:
Gold:   119        SH:  0    Dex: 16    Spells: 3/3 levels left

rFire   . .          .
                       - Unarmed
rCold   . . .        c - orb {light}
rNeg    . . .        a - +0 robe
rPois   .            (no helmet)
rElec   .            (no cloak)
rCorr   .            (no gloves)
SInv    .            (no boots)
Will    .....        i - amulet of guardian spirit
Stlth   +            k - +6 ring of strength
HPRegen 0.25/turn    (no ring)
MPRegen 0.09/turn

%: guardian spirit
@: on fire, glowing
A: foul stench 1, powered by death 1
a: no special abilities


You were on level 3 of the Dungeon.
You visited 1 branch of the dungeon, and saw 3 of its levels.

You collected 130 gold pieces.
You spent 11 gold pieces at shops.

Inventory:

Armour
 a - a +0 robe (worn)
 c - an orb of light (worn)
Jewellery
 i - an amulet of guardian spirit (around neck)
 k - a +6 ring of strength (left hand)
Scrolls
 g - a scroll of fear
Potions
 b - a potion of ambrosia
 e - a potion of enlightenment {unknown}
 f - a potion of might
 h - 2 potions of curing


   Skills:
 - Level 3.0 Fighting
 + Level 3.1 Dodging
 * Level 3.5 Unarmed Combat
 * Level 1.9 Evocations
 * Level 1.5 Shapeshifting


You had 3 spell levels left.
You didn't know any spells.
Your spell library contained the following spells:

 Spells                   Type           Power      Damage    Failure   Level
 Sting                    Conj/Alch      0%         1d3       36%         1
 Mercury Vapours          Alch/Air       0%         N/A       50%         2
 Mephitic Cloud           Conj/Alch/Air  0%         N/A       75%         3
 Volatile Blastmotes      Fire/Tloc      0%         2d10      75%         3
 Fulminant Prism          Conj/Alch      0%         3d5       98%         4
 Iskenderun's Mystic Bla  Conj/Tloc      0%         2d3       98%         4
 Olgreb's Toxic Radiance  Alch           0%         N/A       98%         4
 Freezing Cloud           Conj/Ice/Air   0%         6-21      100%        5


Dungeon Overview and Level Annotations

Branches:
Dungeon (3/15)

Altars:

Shops:
D:1 !


Innate Abilities, Weirdness & Mutations

You may rarely emit foul miasma when damaged in melee.
You regenerate a little health from kills.


Message History

You are too injured to fight recklessly!
You are too injured to fight recklessly!
You are too injured to fight recklessly!
You are too injured to fight recklessly!
You are too injured to fight recklessly!
You are too injured to fight recklessly!
You are too injured to fight recklessly!
You are too injured to fight recklessly!
You are too injured to fight recklessly!
Unknown command.
You shake off some of the fire as you move.
The liquid fire burns you!
The bombardier beetle attacks as it pursues you!
The bombardier beetle bites you but does no damage.
The rat attacks as it pursues you! The rat bites you.
There is an open door here.
You shake off the liquid fire.
The rat attacks as it pursues you! The rat closely misses you.
You punch the rat!
You kill the rat!
The bombardier beetle sprays incendiary fluid at you.
The burning spray hits you.
You are covered in liquid fire!
You shake off some of the fire as you move.
The liquid fire burns you!
* * * LOW HITPOINT WARNING * * *
There is an open door here.
You punch the bombardier beetle!
The bombardier beetle is severely wounded.
The liquid fire burns you!
* * * LOW HITPOINT WARNING * * *
The bombardier beetle barely misses you.
You hit the bombardier beetle.
The bombardier beetle is almost dead.
The liquid fire burns you!
* * * LOW HITPOINT WARNING * * *
You hit the bombardier beetle.
You kill the bombardier beetle!
The liquid fire burns you!
You die...

##.....##
##.......##
#.........#
+.........+
#.........#
#.......#
#.....# #.†.#
##@## #.#######
#........
#####.######.
###......####
.........†..#
###......##.##.
#####........#
#.###.....


There were no monsters in sight!

Vanquished Creatures
  A bombardier beetle (D:3)
  4 adders (D:2)
  4 ribbon worms (D:2)
  2 dart slugs (D:1)
  7 endoplasms
  A giant cockroach (D:2)
  9 goblins
  2 hobgoblins (D:1)
  2 jackals (D:1)
  2 quokkas
  6 ball pythons
  6 bats
  5 kobolds
  5 rats
56 creatures vanquished.

Notes
Turn   | Place    | Note
-------+----------+-------------------------------------------
     0 | D:1      | Gadfly the Demonspawn Monk began the quest for the Orb.
     0 | D:1      | Reached XP level 1. HP: 18/18 MP: 1/1
   121 | D:1      | Gained mutation: You may rarely emit foul miasma when
                  | damaged in melee. [demonic ancestry]
   121 | D:1      | Reached XP level 2. HP: 20/24 MP: 2/2
   371 | D:1      | Reached skill level 1 in Evocations
   457 | D:1      | Reached XP level 3. HP: 11/29 MP: 3/3
   562 | D:1      | Found Bypruolu's Distillery.
   566 | D:1      | Bought a potion of degeneration for 11 gold pieces
   988 | D:2      | Reached skill level 1 in Shapeshifting
  1250 | D:2      | Found a faded altar of an unknown god.
  1465 | D:2      | Gained mutation: You regenerate a little health from kills.
                  | [demonic ancestry]
  1465 | D:2      | Reached XP level 4. HP: 27/35 MP: 2/4
  2249 | D:3      | Incinerated by a bombardier beetle

Illustrated notes

Levels and vault maps discovered:
D:1:      co_arrival_random_square_maze, layout_rooms, serial_shops,
          nicolae_shop_back_alley_shop
D:2:      layout_basic, serial_co_window_serial, co_window_cross_1,
          co_window_paths_a, co_window_paths_a, co_window_paths_b,
          co_window_corner_a, co_window_paths_b, co_window_corner_a,
          co_window_of_opportunity_a, co_window_of_opportunity_a,
          co_window_corner_cb, co_window_unsneaky_path_d, co_window_cross_3,
          co_window_cross_2, shapermc_ecumenical_altar_mp_ritualfount
D:3:      layout_loops_corners, grunt_ministairs_15

Skill      XL: |  1  2  3 |
---------------+----------+-----
Unarmed Combat | 3 |  3.5
Evocations     | 1 |  1.9
Shapeshifting  | 1 |  1.5
Dodging        | 3 |  3.1
Fighting       | |  3.0

Action                     |  1- 3 |  4- 6 || total
---------------------------+-------+-------++-------
  Melee: Unarmed           |   121 |    60 ||   181
    Use: Scroll            |     4 |     2 ||     6
         Potion            |       |     1 ||     1
 Armour: Robe              |    57 |    38 ||    95
  Dodge: Dodged            |    65 |    42 ||   107
